 Dungeon Crawl Stone Soup version 0.25-a0-565-g8875c97ebb (webtiles) character file.

Game seed: 150032481316439210, levelgen mode: classic

104409 EnegeticOcto the Champion of Chaos (level 15, -3/146 HPs)
             Began as a Deep Dwarf Fighter on Feb 26, 2020.
             Was the Champion of Makhleb.
             Slain by olaf's ghost (40 damage)
             ... on level 3 of the Spider Nest.
             The game lasted 00:13:18 (15927 turns).

EnegeticOcto the Champion of Chaos (DDFi)          Turns: 15927, Time: 00:13:18

Health: -3/146     AC: 27    Str: 29    XL:     15   Next: 91%
Magic:  18/18      EV: 17    Int: 10    God:    Makhleb [******]
Gold:   679        SH: 14    Dex: 14    Spells: 14/14 levels left

rFire    . . .     SeeInvis +   s - +0 war axe (freeze)
rCold    . . .     Gourm    .   c - +1 kite shield
rNeg     + . .     Faith    .   K - +4 chain mail of Sebuicw {rPois MR+ Dex+2}
rPois    +         Spirit   .   b - +1 hat {SInv}
rElec    .         Reflect  .   t - +2 cloak of Lies {MR+ Str+4}
rCorr    .         Harm     +   (no gloves)
MR       +++++                  D - +0 pair of boots
Stlth    ..........             P - amulet of harm
HPRegen  0.00/turn              z - +3 ring of evasion
MPRegen  0.16/turn              q - +5 ring of protection {=R}

@: non-regenerating
A: damage resistance, heal wounds, magic resistance 1, negative energy
resistance 1, sense surroundings 2, no regeneration
a: Heal Wounds, Minor Destruction, Lesser Servant of Makhleb, Major Destruction,
Greater Servant of Makhleb, Renounce Religion


You were on level 3 of the Spider Nest.
You worshipped Makhleb.
Makhleb was exalted by your worship.
You were full.

You visited 4 branches of the dungeon, and saw 24 of its levels.
You also visited: Gauntlet.

You collected 1396 gold pieces.
You spent 717 gold pieces at shops.

Inventory:

Hand Weapons
 a - a +0 broad axe
 s - a +0 war axe of freezing (weapon)
Missiles
 y - 3 throwing nets (quivered)
Armour
 b - a +1 hat of see invisible (worn)
 c - a +1 kite shield (worn)
 f - a scarf of cloud immunity
 t - the +2 cloak of Lies (worn) {MR+ Str+4}
   (You bought it in a shop on level 12 of the Dungeon)

   It affects your strength (+4).
   It affects your resistance to hostile enchantments.
   If you remove this armour, your AC will decrease by 4 (27 -> 23).
 x - a +2 plate armour of fire resistance
 D - a +0 pair of boots (worn)
 K - the +4 chain mail of Sebuicw (worn) {rPois MR+ Dex+2}
   (You found it on level 14 of the Dungeon)

   It affects your dexterity (+2).
   It protects you from poison.
   It affects your resistance to hostile enchantments.
   If you remove this armour, your AC will decrease by 16 (27 -> 11).
Jewellery
 q - a +5 ring of protection (right hand) {=R}
 r - an uncursed ring of see invisible
 u - an uncursed ring of poison resistance
 z - a +3 ring of evasion (left hand)
 L - an uncursed ring of protection from cold
 P - an amulet of harm (around neck)
Wands
 d - a wand of scattershot (6)
 w - a wand of acid (14) {@v1}
 A - a wand of flame (44)
 F - a wand of digging (13) {@v2}
 M - a wand of clouds (7)
 S - a wand of polymorph (4)
Scrolls
 h - 8 scrolls of teleportation {@r2}
 i - 14 scrolls of remove curse {@r6}
 o - 4 scrolls of magic mapping {@r5}
 C - 7 scrolls of enchant weapon
 G - a scroll of brand weapon {unknown}
 H - a scroll of enchant armour
 J - 3 scrolls of blinking {@r3}
 N - a scroll of fear
 O - 3 scrolls of immolation {@r4}
Potions
 g - 3 potions of flight
 j - 3 potions of stabbing {@q5}
 k - 2 potions of might {@q3}
 l - 4 potions of heal wounds {@q2}
 m - 6 potions of mutation
 n - 6 potions of haste {@q4}
 p - 4 potions of lignification {@q7}
 v - 7 potions of curing {@q1}
 B - 2 potions of invisibility
 E - 3 potions of magic
 I - 2 potions of ambrosia
Comestibles
 e - 26 rations


   Skills:
 * Level 12.9 Fighting
 * Level 14.7 Axes
 + Level 11.2 Armour
 + Level 10.7 Dodging
 + Level 11.3 Shields
 * Level 16.5 Invocations


You had 14 spell levels left.
You didn't know any spells.
Your spell library was empty.

Dungeon Overview and Level Annotations

Branches:
Dungeon (15/15)            Temple (1/1) D:5            Lair (5/6) D:9
  Swamp (0/4) Lair:3       Spider (3/4) Lair:2        Slime (0/5) Lair:5
    Orc (0/2) D:11         Vaults (0/5) D:14         Depths (0/5) D:15
Gauntlet (visited)

Altars:
Ashenzari
Elyvilon
Fedhas
Gozag
Hepliaklqana
Makhleb
Nemelex Xobeh
Okawaru
Ru
Trog
Uskayaw
Wu Jian
Xom
Yredelemnul
The Shining One
Beogh
Jiyva

Shops:
D:7 %   D:9 (   D:11 (   D:12 [

Portals:
Abyss: Spider:3

Annotations:
D:11 2 transporters, Flugslaktarn's ghost, novice DDFi
D:13 3 runed translucent doors, Qaeqe's ghost, journeyman TrMo
Spider:3 1 transporter, olaf's ghost, adept TrFi


Innate Abilities, Weirdness & Mutations

You are resistant to damage.
You can heal yourself by infusing magical energy.
You resist negative energy. (rN+)
You passively map the area around you.
You do not regenerate.
You are resistant to hostile enchantments. (MR+)


Message History

The cacodemon is lightly wounded.
You block the thrashing horror's attack.
The thrashing horror misses you. The cacodemon gestures at you.
Strange energies course through your body.
You feel resistant to hostile enchantments.
You hit the thrashing horror. You freeze the thrashing horror.
The thrashing horror is heavily damaged.
You hit the cacodemon but do no damage.
The thrashing horror closely misses you.
The thrashing horror tramples you but does no damage.
You barely miss the thrashing horror.
The thrashing horror is heavily damaged.
You hit the cacodemon. You freeze the cacodemon.
You block the thrashing horror's attack.
The thrashing horror tramples you but does no damage.
The cacodemon closely misses you. The cacodemon hits you!
A tentacle flies out from the starspawn's body!
You block the thrashing horror's attack.
The thrashing horror barely misses you.
A starspawn tentacle comes into view.
You slash the thrashing horror! You freeze the thrashing horror.
The thrashing horror is severely damaged.
You slash the cacodemon! You freeze the cacodemon.
Your chain mail of Sebuicw prevents you from hitting olaf's ghost.
The cacodemon closely misses you. You block the cacodemon's attack.
Olaf's ghost hits you!!
The thrashing horror churns violently!
The thrashing horror seems to grow stronger.
A starspawn tentacle comes into view.
You are too injured to fight recklessly!
You are too injured to fight recklessly!
You are too injured to fight recklessly!
You are too injured to fight recklessly!
You are too injured to fight recklessly!
Your magical essence is drained by the effort!
You feel much better.
You block the thrashing horror's attack. x2
The starspawn tentacle grabs you. The starspawn tentacle constricts you.
The cacodemon hits you!
The cacodemon hits you but does no damage.
Olaf's ghost hits you!!
* * * LOW HITPOINT WARNING * * *
The starspawn tentacle loses its grip on you.
The tentacle pulls you backwards! The cacodemon gestures next to you.
Some rock shatters into small pieces.
The thrashing horror tramples you but does no damage. x2
You feel much better.
The thrashing horror roars!
You block the thrashing horror's attack.
The thrashing horror misses you.
You hear a loud "Zot"!
The thrashing horror closely misses you.
You block the thrashing horror's attack.
You fail to use your ability.
The thrashing horror tramples you but does no damage.
You block the thrashing horror's attack.
You block the cacodemon's attack.
The cacodemon hits you but does no damage.
Tentacles burst from the starspawn's body!
Olaf's ghost hits you. 2 starspawn tentacles come into view.
You fail to use your ability.
The thrashing horror roars!
You block the thrashing horror's attack.
The thrashing horror closely misses you.
You block the thrashing horror's attack.
The thrashing horror tramples you but does no damage.
The cacodemon hits you but does no damage.
The cacodemon hits you. The tentacled starspawn bites you!!
* * * LOW HITPOINT WARNING * * *
You block the tentacled starspawn's attack.
Olaf's ghost hits you!
* * * LOW HITPOINT WARNING * * *
The starspawn tentacle barely misses you.
You are too injured to fight recklessly!
You are too injured to fight recklessly!
You are too injured to fight recklessly!
You are too injured to fight recklessly!
You are too injured to fight recklessly!
You are too injured to fight recklessly!
You feel much better.
The thrashing horror tramples you but does no damage.
You block the thrashing horror's attack.
The cacodemon gestures at you. The bolt of energy misses you.
The thrashing horror misses you. x2
The tentacled starspawn closely misses you.
The tentacled starspawn barely misses you.
You block olaf's ghost's attack.
You block the starspawn tentacle's attack.
Your magical essence is drained by the effort!
You feel much better.
The thrashing horror closely misses you.
You block the thrashing horror's attack.
You block the cacodemon's attack. x2; The tentacled starspawn bites you!!
* * * LOW HITPOINT WARNING * * *
The tentacled starspawn completely misses you.
Olaf's ghost hits you!!!
You die...

###############
###........^....###
#...#######.......###
#.#.....##..##......## ≈ *
#.#.###....####......# *
#...#$##..##.:####...#
#...#..#..#?.#wXw##..# * # ,
#..##.##..##..#2@.#..# #≈≈ ,
#..##.##...###XXW##..###≈#
#..##..##....##h##.......# ,, ..
#..###..###.##uX##..#...^# ...
#...###u§.###X##.##..>...###....
#.....#©#^.[u#.#.?#.#......#....,
##...##.#..##§X§.##.............
#..##u#..©.^.#.##...............
#.##.X#####§##.#..........#.....


You could see a tentacled monstrosity, a red very ugly thing, a cacodemon, a
tentacled starspawn, a purple ugly thing, 3 thrashing horrors, a raiju, 2
starspawn tentacles and olaf's ghost.

Vanquished Creatures
  Arachne (Spider:3)
  Rupert (Lair:4)
  A balrug (Gauntlet)
  An emperor scorpion (Spider:1)
  An ironheart preserver (D:14)
  Snorg (Lair:4)
  Josephine (Lair:4)
  Harold (D:10)
  5 hydras
  2 centaur warriors (D:13)
  A catoblepas (D:14)
  8 two-headed ogres
  The ghost of MisterFreud the Protected, a novice TrCK of Okawaru (D:9)
  8 death yaks
  2 ogre magi (D:15)
  3 tengu warriors
  2 unseen horrors
  Pikel (D:9)
  A wizard (D:15)
  A necromancer (D:15)
  2 orc sorcerers
  2 orb spiders
  7 wolf spiders
  4 cyclopes
  5 deep elf magi
  19 elephants
  24 ugly things
  5 centaur zombies
  A guardian serpent (shapeshifter) (D:14)
  A naga mage (D:15)
  A spiny frog (shapeshifter) (D:14)
  3 gargoyles
  Maggie (D:6)
  An efreet (D:13)
  A freezing wraith (D:15)
  4 komodo dragons
  A demonic crawler (Spider:1)
  6 spiny frogs
  2 ice devils (D:13)
  6 centaur skeletons
  5 trolls
  7 jumping spiders
  A hornet (D:14)
  A polar bear (Lair:4)
  A merfolk (D:10)
  4 blink frogs (Lair:4)
  10 slime creatures
  9 hippogriffs
  17 redbacks
  3 wyverns
  5 tarantellas (Spider:1)
  2 shadows
  4 wraiths
  4 water elementals
  45 yaks
  Eustachio (D:6)
  A hungry ghost (D:9)
  3 basilisks
  2 steam dragons
  10 vampire mosquitoes
  8 water moccasins
  4 acid dragons
  2 hell hounds (Gauntlet)
  17 orc warriors
  A meliai simulacrum (D:15)
  9 porcupines
  3 sky beasts
  An eye of draining (D:14)
  2 ice beasts
  2 slaves (D:9)
  A hornet zombie (D:15)
  A phantom (D:6)
  A necrophage (D:10)
  18 ogres
  11 wolves
  10 crocodiles
  9 centaurs
  3 big kobolds
  25 bullfrogs
  A wyvern zombie (D:15)
  2 gnoll sergeants (D:11)
  6 scorpions
  18 killer bees
  4 wights (D:8)
  5 electric eels
  A howler monkey (D:6)
  9 crimson imps
  2 bullfrog zombies
  5 jellies
  7 hounds
  7 orc priests
  A bullfrog skeleton (D:6)
  Jessica (D:2)
  Ijyb (D:5)
  3 iguanas
  8 orc wizards
  18 worker ants
  2 killer bee zombies
  2 hound zombies
  2 hound skeletons
  5 gnolls
  A howler monkey skeleton (D:9)
  13 adders
  A shadow imp (D:5)
  An ooze (D:4)
  A worm (D:3)
  4 leopard geckos
  45 orcs
  4 ball pythons
  3 bats
  A giant cockroach (D:1)
  A goblin (D:1)
  6 hobgoblins
  8 jackals
  12 kobolds
  5 quokkas
  2 frilled lizards
  A quokka skeleton (D:6)
  A rat (D:1)
  4 fungi
  3 plants
629 creatures vanquished.

Vanquished Creatures (collateral kills)
  An entropy weaver (Spider:1)
  A minotaur (Gauntlet)
  A death yak (Lair:4)
  A wolf spider (Spider:3)
  2 orb spiders
  A black mamba (Lair:3)
  3 jumping spiders
  2 tarantellas (Spider:1)
  2 redbacks
  A crocodile (Lair:2)
  A lurking horror (Spider:3)
  2 plants (Lair:4)
18 creatures vanquished.

Vanquished Creatures (others)
  Nessos (D:12)
  2 centaur warriors (D:15)
  8 centaurs
  A shadow imp (D:15)
  2 kobolds
  A demonic plant (Gauntlet)
  4 fungi
  9 plants
  3 starspawn tentacles (Spider:3)
31 creatures vanquished.

Grand Total: 678 creatures vanquished

Notes
Turn   | Place    | Note
-------+----------+-------------------------------------------
     0 | D:1      | EnegeticOcto the Deep Dwarf Fighter began the quest for the
                  | Orb.
     0 | D:1      | Reached XP level 1. HP: 20/20 MP: 1/1
    48 | D:1      | Reached XP level 2. HP: 24/27 MP: 2/2
   188 | D:2      | Noticed Jessica
   194 | D:2      | Killed Jessica
   194 | D:2      | Reached skill level 1 in Dodging
   194 | D:2      | Reached XP level 3. HP: 25/34 MP: 3/3
   405 | D:3      | Reached XP level 4. HP: 25/42 MP: 4/4
   588 | D:4      | Found the +6 Majin-Bo {vamp, Archmagi MP+6 Int+6}
   776 | D:4      | Reached XP level 5. HP: 29/49 MP: 5/5
   908 | D:5      | Entered Level 5 of the Dungeon
   938 | D:5      | Found a staircase to the Ecumenical Temple.
   984 | Temple   | Entered the Ecumenical Temple
  1010 | Temple   | Became a worshipper of Makhleb the Destroyer
  1103 | D:5      | Noticed an ogre
  1110 | D:5      | Killed an ogre
  1110 | D:5      | Reached skill level 1 in Invocations
  1110 | D:5      | Reached XP level 6. HP: 34/57 MP: 6/6
  1295 | D:5      | Noticed Ijyb
  1310 | D:5      | Paralysed by Ijyb for 7 turns
  1323 | D:5      | Killed Ijyb
  1388 | D:5      | Reached skill level 2 in Invocations
  1512 | D:6      | Noticed Maggie
  1554 | D:6      | Killed Maggie
  1554 | D:6      | Reached skill level 5 in Axes
  1554 | D:6      | Reached skill level 3 in Invocations
  1554 | D:6      | Reached XP level 7. HP: 42/66 MP: 5/7
  1586 | D:6      | Noticed Eustachio
  1615 | D:6      | Killed Eustachio
  1633 | D:6      | Found a white marble altar of Elyvilon.
  1685 | D:6      | Reached skill level 4 in Invocations
  1685 | D:6      | Reached XP level 8. HP: 37/73 MP: 7/9
  1694 | D:6      | Reached skill level 5 in Fighting
  1989 | D:6      | Found a sacrificial altar of Ru.
  1998 | D:6      | Reached skill level 5 in Shields
  2011 | D:6      | Reached skill level 5 in Armour
  2178 | D:6      | Reached * piety under Makhleb
  2258 | D:7      | Noticed a hippogriff
  2274 | D:7      | Killed a hippogriff
  2274 | D:7      | Reached skill level 5 in Invocations
  2342 | D:7      | Found Birhy's Food Shop.
  2741 | D:8      | Found a blossoming altar of Fedhas.
  2849 | D:8      | Found a hazy altar of Hepliaklqana.
  2973 | D:8      | Reached skill level 6 in Invocations
  3005 | D:8      | Gained mutation: You passively map the area around you.
                  | [Deep Dwarf growth]
  3005 | D:8      | Reached XP level 9. HP: 79/82 MP: 11/11
  3285 | D:8      | Reached ** piety under Makhleb
  3934 | D:9      | Found Folos's Antique Weapon Shoppe.
  3937 | D:9      | Bought a glowing war axe for 149 gold pieces
  3983 | D:9      | Reached skill level 7 in Invocations
  3996 | D:9      | Reached skill level 5 in Dodging
  4041 | D:9      | Reached skill level 8 in Invocations
  4041 | D:9      | Reached XP level 10. HP: 41/92 MP: 12/14
  4118 | D:9      | Noticed Pikel
  4132 | D:9      | Killed Pikel
  4143 | D:9      | Found a shattered altar of Ashenzari.
  4195 | D:9      | Reached *** piety under Makhleb
  4240 | D:9      | Found a staircase to the Lair.
  4399 | D:9      | Reached skill level 9 in Invocations
  4466 | D:9      | Found a runed translucent gate.
  4467 | D:9      | Found a runed translucent gate.
  4467 | D:9      | Noticed MisterFreud's ghost (novice TrCK)
  4468 | D:9      | Found a roughly hewn altar of Beogh.
  4468 | D:9      | Found a runed translucent gate.
  4472 | D:9      | Identified the cursed +1 chain mail "Solam" {rF+ Int+3}
  4705 | D:9      | Killed MisterFreud's ghost
  4720 | D:9      | Got a polished helmet
  4726 | D:9      | Identified the -4 helmet of the Last Nights {MR++ Dex-3
                  | SInv} (You found it on level 9 of the Dungeon)
  4929 | D:10     | Entered Level 10 of the Dungeon
  5086 | D:10     | Found a blossoming altar of Fedhas.
  5128 | D:10     | Reached XP level 11. HP: 103/103 MP: 14/14
  5240 | D:10     | Noticed Harold
  5268 | D:10     | Killed Harold
  5309 | D:10     | Reached skill level 10 in Invocations
  5345 | D:10     | Reached **** piety under Makhleb
  5725 | D:11     | Noticed a seven-headed hydra
  5740 | D:11     | Killed a ten-headed hydra
  5915 | D:11     | Found a bloodstained altar of Trog.
  5915 | D:11     | Noticed a two-headed ogre
  5915 | D:11     | Noticed Flugslaktarn's ghost (novice DDFi)
  6063 | D:11     | Found Sineid's Weapon Emporium.
  6126 | D:11     | Noticed a white ugly thing
  6145 | D:11     | Killed a white ugly thing
  6145 | D:11     | Reached skill level 10 in Axes
  6170 | D:11     | Noticed a two-headed ogre
  6175 | D:11     | Found a transporter.
  6177 | D:11     | Found a transporter.
  6320 | D:11     | Noticed a purple ugly thing
  6332 | D:11     | Killed a purple ugly thing
  6427 | D:11     | Found a staircase to the Orcish Mines.
  6434 | D:11     | Reached skill level 11 in Invocations
  6441 | D:11     | Reached ***** piety under Makhleb
  6576 | D:12     | Reached XP level 12. HP: 114/114 MP: 16/16
  6618 | D:12     | Found a transporter.
  6618 | D:12     | Found a transporter.
  6642 | D:12     | Found a roughly hewn altar of Beogh.
  6642 | D:12     | Identified the +3 leather armour of the Many Dreams
                  | {*Corrode Int+9 Slay+3 Stlth+}
  6875 | D:12     | Noticed a two-headed ogre
  6890 | D:12     | Killed a two-headed ogre
  6993 | D:12     | Reached skill level 12 in Invocations
  7018 | D:12     | Noticed Nessos
  7027 | D:12     | Killed Nessos
  7178 | D:12     | Found Utaonup's Armour Shop.
  7393 | D:12     | Reached skill level 10 in Fighting
  7651 | D:13     | Found a gate leading to a gauntlet.
  7655 | Gauntlet | Entered a Gauntlet
  7655 | Gauntlet | Found a transporter.
  7655 | Gauntlet | Found a transporter.
  7655 | Gauntlet | Found a transporter.
  7655 | Gauntlet | Found a transporter.
  7655 | Gauntlet | Noticed a balrug
  7675 | Gauntlet | Found a transporter.
  7681 | Gauntlet | Noticed a balrug
  7685 | Gauntlet | Found a transporter.
  7706 | Gauntlet | Found a transporter.
  7724 | Gauntlet | Found a transporter.
  7730 | Gauntlet | Found a transporter.
  7770 | Gauntlet | Found a transporter.
  7794 | Gauntlet | Noticed a tengu warrior
  7799 | Gauntlet | Found a transporter.
  7810 | Gauntlet | Found a transporter.
  7910 | Gauntlet | Killed a balrug
  7940 | Gauntlet | Identified the cursed +0 ice dragon scales "Buys" {rElec
                  | rF- rC++ rCorr Int+3}
  7940 | Gauntlet | Noticed a minotaur
  7966 | Gauntlet | Killed a minotaur
  7972 | Gauntlet | Identified Boalliat's Guide on Changing
  7974 | Gauntlet | Identified the Reference Book on Enhancements
  7976 | Gauntlet | Identified Keir's Handbook of Lucky Malediction
  8021 | D:13     | Noticed a two-headed ogre
  8040 | D:13     | Killed a two-headed ogre
  8040 | D:13     | Reached XP level 13. HP: 74/123 MP: 17/17
  8101 | D:13     | Noticed Qaeqe's ghost (journeyman TrMo)
  8206 | D:13     | Reached ****** piety under Makhleb
  8206 | D:13     | Reached skill level 13 in Invocations
  8435 | D:13     | Found a runed translucent gate.
  8435 | D:13     | Found a runed translucent gate.
  8435 | D:13     | Found a runed translucent gate.
  9238 | D:14     | Found an opulent altar of Gozag.
  9277 | D:14     | Got a shimmering chain mail
  9288 | D:14     | Identified the +4 chain mail of Sebuicw {rPois MR+ Dex+2}
                  | (You found it on level 14 of the Dungeon)
  9371 | D:14     | Found a gate to the Vaults.
  9371 | D:14     | Noticed an ironheart preserver
  9390 | D:14     | Killed an ironheart preserver
  9414 | D:14     | Reached skill level 14 in Invocations
 10045 | D:15     | Entered Level 15 of the Dungeon
 10274 | D:15     | Gained mutation: You resist negative energy. (rN+) [Deep
                  | Dwarf growth]
 10274 | D:15     | Reached XP level 14. HP: 121/135 MP: 18/18
 10436 | D:15     | Reached skill level 10 in Shields
 10469 | D:15     | Reached skill level 10 in Armour
 10823 | D:15     | Found a staircase to the Depths.
 10988 | D:15     | Reached skill level 15 in Invocations
 11363 | D:12     | Bought the +2 cloak of Lies {MR+ Str+4} for 568 gold pieces
 11446 | Lair:1   | Entered Level 1 of the Lair of Beasts
 12196 | Lair:2   | Found a hole to the Spider Nest.
 12883 | Lair:3   | Reached skill level 10 in Dodging
 12885 | Lair:3   | Found a staircase to the Swamp.
 12903 | Lair:3   | Reached XP level 15. HP: 120/144 MP: 20/20
 13497 | Lair:4   | Noticed Rupert
 13511 | Lair:4   | Killed Rupert
 13660 | Lair:4   | Noticed Josephine
 13660 | Lair:4   | Noticed Snorg
 13667 | Lair:4   | Killed Josephine
 13673 | Lair:4   | Killed Snorg
 14181 | Lair:5   | Found a bloodstained altar of Trog.
 14213 | Lair:5   | Got a warped copper ring
 14228 | Lair:5   | Reached skill level 16 in Invocations
 14587 | Lair:5   | Found a viscous altar of Jiyva.
 14587 | Lair:5   | Found a staircase to the Slime Pits.
 14762 | Lair:5   | Identified the ring "Siazoaf" {+Fly MP+9 Int+6} (You found
                  | it on level 5 of the Lair of Beasts)
 14858 | Spider:1 | Entered Level 1 of the Spider Nest
 15701 | Spider:2 | You fall into a shaft and drop 1 floor!
 15769 | Spider:3 | Noticed Arachne
 15780 | Spider:3 | Killed Arachne
 15849 | Spider:3 | Noticed olaf's ghost (adept TrFi)
 15859 | Spider:3 | Noticed a tentacled monstrosity
 15870 | Spider:3 | Found a transporter.
 15898 | Spider:3 | Found a transporter.
 15906 | Spider:3 | Noticed a tentacled starspawn
 15908 | Spider:3 | Found a one-way gate to the infinite horrors of the Abyss.
 15917 | Spider:3 | Gained mutation: You are resistant to hostile enchantments.
                  | (MR+) [a cacodemon]
 15927 | Spider:3 | Slain by olaf's ghost

Levels and vault maps discovered:
D:1:      saegor_arrival_simple_a, layout_rooms
D:2:      layout_rooms, kennysheep_cluttered_room, uniq_jessica,
          uniq_crazy_yiuf_cottage
D:3:      layout_loops_ring, gammafunk_temple_overflow_arena,
          ebering_ghost_sewer_d, first_ration
D:4:      layout_rooms, kennysheep_potato
D:5:      layout_rooms, temple_doors_e, uniq_ijyb
D:6:      layout_loops_ring, old_standard_altar,
          nicolae_ru_sacrificial_ziggurat, columned_hall_lemuel,
          minmay_misc_feat_pillars, uniq_maggie, uniq_eustachio
D:7:      layout_cave_pools, serial_shops, shop
D:8:      layout_loops_corners, kennysheep_little_box,
          overflow_temple_1_default, serial_co_window_serial, co_window_paths_b,
          co_window_paths_a, co_window_paths_a, co_window_paths_a,
          co_window_corner_a, co_window_corner_a, co_window_corner_cb,
          co_window_paths_c, co_window_broadway_c, co_window_2corner,
          co_window_4corner_b, glass_columns_b, glass_columns_b,
          glass_columns_a, glass_columns_c, glass_columns_a
D:9:      layout_roguey, ashenzari_conservatory_becter,
          grunt_lair_entry_orc_guard_hut, biasface_ghost_orc_armoury,
          serial_shops, nicolae_shop_trees, uniq_pikel
D:10:     layout_irregular_city, hangedman_fish_farm,
          fedhas_bush_and_centaur_altar, uniq_harold
D:11:     layout_loops_ring, kennysheep_orc_monster_closet_entryway,
          gammafunk_ghost_wrathful_warriors, serial_shops, shop, st_stairs_7,
          minmay_misc_feat_iff
D:12:     gammafunk_beogh_shrine, layout_cave_pods, serial_shops, shop,
          uniq_nessos
D:13:     layout_basic, gauntlet_entry_generic, portal_ice_cave_demonic_guard,
          gammafunk_ghost_icy
D:14:     layout_loops_corners, skrybe_vaults_entry_preservation, basic_altar,
          serial_bayou, serial_bayou_pond_b, serial_bayou_ford_a,
          serial_bayou_pond_c, serial_bayou_pond_e, drop_trap
D:15:     grunt_enter_depths_magical_seal, layout_basic, chequers_big_river,
          glass_columns_b
Temple:   nicolae_temple_elliptical
Lair:1:   layout_cave_pods
Lair:2:   layout_roguey, dummy_spider_entry, beast_lair_carwin_4,
          grunt_megastairs_4, infiniplex_staircase_pool_2
Lair:3:   layout_cave_shapes, minmay_swamp_entry_swarm, grunt_megastairs_3
Lair:4:   layout_loops_ring, lookout_lair_type, uniq_rupert, uniq_josephine,
          uniq_snorg
Lair:5:   layout_gridlike, dpeg_slime_entry_enclosed_altar, basic_altar
Spider:1: layout_spider_delve, nicolae_spider_webbed_stairs,
          hangedman_spider_tarantella_strand
Spider:2: layout_spider_delve
Spider:3: layout_spider_delve, gammafunk_ghost_abyssal_escape,
          hangedman_stitches_earthworm, uniq_arachne

Skill      XL: |  1  2  3  4  5  6  7  8  9 10 11 12 13 14 15 |
---------------+----------------------------------------------+-----
Fighting       | 3 4 5 6 8 9 10 11 12 | 12.9
Axes           | 3 4 5 6 7 9 10 11 12 13 14 | 14.7
Dodging        | 1 2 3 4 5 6 7 8 9 10 | 10.7
Shields        | 4 5 6 7 8 9 10 11 | 11.3
Armour         | 4 5 6 7 8 9 10 11 | 11.2
Invocations    | 1 3 4 6 8 9 11 12 14 15 16 | 16.5

Action                   |  1- 3 |  4- 6 |  7- 9 | 10-12 | 13-15 || total
-------------------------+-------+-------+-------+-------+-------++-------
Melee: War axe           |    74 |   111 |   353 |   830 |  1518 ||  2886
       Quarterstaff      |       |    13 |       |       |       ||    13
Invok: Lesser Servant of |       |       |       |     3 |    14 ||    17
 Abil: Heal Wounds       |       |     5 |     4 |    10 |    16 ||    35
Evoke: Wand              |       |       |       |     9 |     5 ||    14
  Use: Scroll            |       |     8 |     7 |     2 |    12 ||    29
 Stab: Petrified         |       |       |       |       |     1 ||     1
       Distracted        |       |       |       |       |     7 ||     7
  Eat: Chunk             |       |     2 |     7 |    17 |    20 ||    46
       Ration            |       |       |     1 |     1 |     3 ||     5
Armor: Scale mail        |    54 |    30 |    22 |       |       ||   106
       Chain mail        |       |       |    44 |       |   441 ||   485
       Plate armour      |       |       |    72 |   343 |   197 ||   612
Dodge: Dodged            |    42 |    40 |   142 |   297 |   769 ||  1290
Block: Kite shield       |    50 |    76 |   400 |   844 |  1388 ||  2758
       Reflection        |       |       |     1 |    33 |    53 ||    87

Table legend:
 A = Non-vault XP
 B = Vault XP
 C = Vault XP percentage of total XP
 D = Non-vault monster count
 E = Vault monster count
 F = Vault count percentage of total count
                 A         B        C        D         E       F
            +---------+---------+-------+---------+---------+-------
      Total |  115889 |   33268 |  22.3 |     532 |     116 |  17.9
            +---------+---------+-------+---------+---------+-------
        D:1 |      31 |       0 |   0.0 |      17 |       0 |   0.0
        D:2 |      10 |      37 |  78.7 |       7 |       1 |  12.5
        D:3 |      31 |       0 |   0.0 |       3 |       0 |   0.0
        D:4 |      95 |       0 |   0.0 |       7 |       0 |   0.0
        D:5 |     407 |      36 |   8.1 |      13 |       1 |   7.1
        D:6 |     617 |     586 |  48.7 |      17 |       2 |  10.5
        D:7 |     461 |       0 |   0.0 |       7 |       0 |   0.0
        D:8 |    1008 |       0 |   0.0 |      25 |       0 |   0.0
        D:9 |    4694 |    2318 |  33.1 |      46 |      17 |  27.0
       D:10 |    1488 |    1400 |  48.5 |      22 |       3 |  12.0
       D:11 |    5887 |    1797 |  23.4 |      30 |      21 |  41.2
       D:12 |    9611 |    2984 |  23.7 |      38 |      18 |  32.1
       D:13 |    9066 |     682 |   7.0 |      52 |       2 |   3.7
       D:14 |   10829 |    5545 |  33.9 |      39 |      14 |  26.4
       D:15 |   24058 |    4005 |  14.3 |      61 |       9 |  12.9
     Lair:1 |    2026 |       0 |   0.0 |      11 |       0 |   0.0
     Lair:2 |    4275 |    1661 |  28.0 |      25 |       8 |  24.2
     Lair:3 |    3528 |    1351 |  27.7 |      15 |       8 |  34.8
     Lair:4 |   10566 |    5152 |  32.8 |      27 |       6 |  18.2
     Lair:5 |   10111 |       0 |   0.0 |      20 |       0 |   0.0
   Spider:1 |   10843 |     211 |   1.9 |      31 |       1 |   3.1
   Spider:2 |     313 |       0 |   0.0 |       1 |       0 |   0.0
   Spider:3 |    5934 |    2451 |  29.2 |      18 |       1 |   5.3
   Gauntlet |       0 |    3052 | 100.0 |       0 |       4 | 100.0
            +---------+---------+-------+---------+---------+-------
